 Dungeon Crawl Stone Soup version 0.22-a0-305-gd21a89c (webtiles) character file.

198 mhoghedin the Magician (level 5, 0/35 HPs)
             Began as a Mummy Necromancer on Mar 28, 2018.
             Was a Follower of Vehumet.
             Slain by Sigmund
             ... wielding a +1 scythe of protection
              (8 damage)
             ... on level 4 of the Dungeon.
             The game lasted 00:09:35 (3328 turns).

mhoghedin the Magician (Mummy Necromancer)          Turns: 3328, Time: 00:09:35

Health: 0/35       AC:  5    Str: 12    XL:     5   Next: 47%
Magic:  8/13       EV: 11    Int: 15    God:    Vehumet [*.....]
Gold:   184        SH:  0    Dex: 12    Spells: 1/16 levels left

rFire    x . .     SeeInvis .   b - +1 club
rCold    + . .     Gourm    .   (no shield)
rNeg     + + +     Faith    .   i - +1 leather armour
rPois    ∞         Spirit   .   (no helmet)
rElec    .         Reflect  .   h - +0 cloak
rCorr    .         Harm     .   (no gloves)
MR       .....                  (no boots)
Stlth    +.........             (no amulet)
HPRegen  0.11/turn              (no ring)
MPRegen  0.13/turn              (no ring)

@: very slightly contaminated
A: no food or potions, fire vulnerability, cold resistance 1, negative energy
resistance 3, torment resistance, unbreathing
a: Renounce Religion


You were on level 4 of the Dungeon.
You worshipped Vehumet.
Vehumet was aware of your devotion.
You were not hungry.

You visited 1 branch of the dungeon, and saw 4 of its levels.

You collected 184 gold pieces.

Inventory:

Hand Weapons
 b - a +1 club (weapon)
   (You took it off a hobgoblin on level 1 of the Dungeon)
Missiles
 e - 7 curare-tipped needles
 l - 2 throwing nets {=f, !d}
Armour
 h - a +0 cloak (worn)
   (You found it on level 3 of the Dungeon)
 i - a +1 leather armour (worn)
   (You found it on level 2 of the Dungeon)
Scrolls
 a - a scroll of identify
 c - 8 scrolls of remove curse
 f - a scroll of enchant armour
 g - a scroll of fear {unknown}
 k - a scroll of blinking {!r}
 m - a scroll of amnesia


   Skills:
 - Level 1.5 Dodging
 - Level 1.5 Stealth
 - Level 6.2 Spellcasting
 + Level 1.0 Conjurations
 - Level 4.6 Necromancy


You had one spell level left.
You knew the following spells:

 Your Spells              Type           Power        Failure   Level  Hunger
a - Pain                  Necr           ###.         2%          1    N/A
b - Blink                 Tloc           N/A          28%         2    N/A
c - Call Imp              Summ           #.......     28%         2    N/A
d - Conjure Flame         Conj/Fire      #.......     41%         3    N/A
e - Mephitic Cloud        Conj/Pois/Air  #.......     43%         3    N/A
x - Vampiric Draining     Necr           ###.......   9%          3    N/A
A - Animate Skeleton      Necr           N/A          2%          1    N/A

Dungeon Overview and Level Annotations

Branches:
Dungeon (4/15)
 Temple: D:4-7

Altars:
Ashenzari
Gozag
Vehumet

Portals:
Ossuary: D:4

Annotations:
D:4 Sigmund


Innate Abilities, Weirdness & Mutations

You do not eat or drink.
Your flesh is vulnerable to fire.
You are immune to poison.
Your flesh is cold resistant. (rC+)
You are immune to negative energy. (rN+++)
You are immune to unholy pain and torment.
You can survive without breathing.


Message History

You start resting.
You hear the hiss of an avalanche of sand nearby.
You regained 6 hp, and now have 22/35 hp.
You start resting.
You hear the hiss of an avalanche of sand nearby.
You regained 5 hp, and now have 27/35 hp.
You start resting.
You hear the brisk hiss of an avalanche of sand nearby.
You regained 6 hp, and now have 33/35 hp.
You start resting.
Health restored: 35 Unknown command.
You open the door.
An orc zombie comes into view.
Okay, then.
Unknown command.
The fire ignites!
You now have 10/13 mp.
You hit the orc zombie.
The orc zombie is engulfed in blazing flames.
You destroy the orc zombie!
Vehumet accepts your kill.
Really walk into that cloud of flame?
Okay, then.
Unknown command.
You start resting.
MP restored: 13 You hear the brisk hiss of an avalanche of sand nearby.
You see here 19 sling bullets.
A mummy comes into view.
Found a sand-covered staircase.
You miscast Conjure Flame.
You are very lightly contaminated with residual magic.
Nothing appears to happen.
You now have 10/13 mp.
You see here 19 sling bullets.
The centaur shoots an arrow.
The arrow hits you.
The centaur shoots an arrow.
The arrow closely misses you.
You see here an arrow.
You take 5 damage, and have 30/35 hp.
The centaur shoots an arrow.
The arrow hits you.
You see here an arrow.
You take 6 damage, and have 24/35 hp.
The centaur shoots an arrow.
The arrow hits you!
You see here an arrow.
You take 10 damage, and have 14/35 hp.
MASSIVE DAMAGE!!
As you read the scroll of teleportation, it crumbles to dust.
You feel strangely unstable.
The centaur shoots an arrow.
The arrow completely misses you.
Unknown command.
Okay, then.
Unknown command.
Aim: a centaur, wielding a shortbow The ball explodes into a vile cloud!
The stinking cloud engulfs the centaur.
The stinking cloud engulfs the mummy.
The mummy appears unharmed.
The centaur is engulfed in noxious fumes.
The centaur appears confused.
The centaur cries.
You now have 8/13 mp.
Your surroundings suddenly seem different.
A worker ant comes into view.
The worker ant twitches its antennae in your direction. 2 orcs, an orc wizard and Sigmund come into view.
Sigmund is wielding a scythe of protection.
Okay, then.
Unknown command.
You aren't carrying any items that you can evoke.
The orc closely misses you. The worker ant bites you.
The orc closely misses you.
You take 1 damage, and have 14/35 hp.
Sigmund shouts!
The orc wizard shouts!
The orc wizard points at you and mumbles some strange words.
You resist with some effort.
Sigmund says, "Look into my eyes."
The orc hits you but does no damage. The orc wizard barely misses you.
Sigmund gestures wildly while chanting.
Sigmund flickers and vanishes!
Deactivating autopickup; reactivate with Ctrl-A.
A howler monkey skeleton comes into view.
The orc wizard misses you. The orc hits you but does no damage.
The worker ant barely misses you.
The orc wizard hits you but does no damage.
The worker ant bites you.
You take 1 damage, and have 14/35 hp.
The worker ant waves its antennae.
A crimson imp comes into view.
The crimson imp shouts!
The worker ant bites you.
You take 1 damage, and have 13/35 hp.
The crimson imp blinks!
The worker ant bites you.
* * * LOW HITPOINT WARNING * * *
You take 3 damage, and have 10/35 hp.
A beastly little devil appears in a puff of frigid air.
The worker ant bites you.
* * * LOW HITPOINT WARNING * * *
Something hits you!
You die...

#' . ... . #.
.... . #.
..... .
#.######......
.
#.....@'...5..
.
##..oa##5.....
. #...o# #####
#...o# #....#
#....# #....#
#....########
#............


You could see a worker ant, an orc wizard, a crimson imp, 2 orcs and a friendly
white imp.

Vanquished Creatures
  An orc priest (D:3)
  Natasha (D:4)
  A worker ant (D:4)
  5 adders
  2 oozes
  3 worms
  2 leopard geckos (D:2)
  4 orcs (D:3)
  2 giant cockroaches (D:3)
  6 goblins
  3 hobgoblins
  6 jackals (D:3)
  A quokka (D:3)
  6 bats
  2 frilled lizards
  7 kobolds
  An orc zombie (D:4)
  3 rats
56 creatures vanquished.

Vanquished Creatures (collateral kills)
  An orc (D:3)
  A jackal (D:3)
  A goblin zombie (D:4)
  A rat (D:1)
4 creatures vanquished.

Grand Total: 60 creatures vanquished

Notes
Turn   | Place    | Note
-------+----------+-------------------------------------------
     0 | D:1      | mhoghedin the Mummy Necromancer began the quest for the Orb.
     0 | D:1      | Reached XP level 1. HP: 13/13 MP: 4/4
    39 | D:1      | Learned a level 1 spell: Animate Skeleton
   105 | D:1      | Reached skill level 3 in Spellcasting
   117 | D:1      | Reached XP level 2. HP: 12/19 MP: 0/6
   695 | D:2      | Reached XP level 3. HP: 24/24 MP: 2/8
   927 | D:2      | Learned a level 3 spell: Vampiric Draining
   930 | D:2      | Learned a level 2 spell: Call Imp
  1065 | D:2      | Reached skill level 4 in Spellcasting
  1222 | D:2      | Learned a level 2 spell: Blink
  1499 | D:3      | Reached XP level 4. HP: 30/30 MP: 8/10
  1617 | D:3      | Found a radiant altar of Vehumet.
  1631 | D:3      | Became a worshipper of Vehumet
  1659 | D:3      | Reached skill level 5 in Spellcasting
  2115 | D:3      | Learned a level 3 spell: Conjure Flame
  2239 | D:3      | Found an opulent altar of Gozag.
  2328 | D:3      | Reached XP level 5. HP: 27/35 MP: 1/13
  2334 | D:3      | Reached * piety under Vehumet
  2334 | D:3      | Offered knowledge of Flame Tongue by Vehumet.
  2478 | D:3      | Learned a level 3 spell: Mephitic Cloud
  2676 | D:3      | Found an opulent altar of Gozag.
  2880 | D:4      | Found a shattered altar of Ashenzari.
  2920 | D:4      | Reached skill level 6 in Spellcasting
  2935 | D:4      | Noticed a centaur
  2935 | D:4      | Noticed Natasha
  2960 | D:4      | Killed Natasha
  2960 | D:4      | Reached skill level 1 in Conjurations
  2964 | D:4      | HP: 2/35 [centaur/arrow (8)]
  3298 | D:4      | Found a sand-covered staircase.
  3310 | D:4      | Noticed Sigmund
  3328 | D:4      | HP: 8/35 [worker ant (2)]
  3328 | D:4      | Slain by Sigmund

Vault maps used:
D:1:      scummos_arrival_simple_fountains
D:2:      first_ration, minmay_tree_intersection
D:3:      nicolae_overflow_hidden_temple, old_standard_altar,
          grunt_gozag_breadcrumbs
D:4:      ashenzari_altar_1, overflow_temple_1_default,
          nicolae_ossuary_entry_giza, uniq_natasha, uniq_sigmund

Skill      XL: |  1  2  3  4  5 |
---------------+----------------+-----
Spellcasting   | 3 4 5 6 |  6.2
Conjurations   | 1 |  1.0
Dodging        | |  1.5
Stealth        | |  1.5
Necromancy     | |  4.6

Action                   |  1- 3 |  4- 6 || total
-------------------------+-------+-------++-------
Melee: Club              |    12 |    18 ||    30
 Cast: Pain              |    59 |    72 ||   131
       Animate Skeleton  |     3 |       ||     3
       Call Imp          |       |     9 ||     9
       Vampiric Draining |       |     3 ||     3
       Conjure Flame     |       |     1 ||     1
       Mephitic Cloud    |       |     1 ||     1
  Use: Scroll            |     1 |     9 ||    10
Armor: Robe              |     4 |       ||     4
       Leather armour    |     1 |    18 ||    19
Dodge: Dodged            |    31 |    59 ||    90

Table legend:
 A = Spawn XP
 B = Non-spawn XP
 C = Spawn XP percentage of total XP
 D = Spawn monster count
 E = Non-spawn monster count
 F = Spawn count percentage of total count
 G = Total turns spent on level
                    A         B        C        D         E        F      G
               +---------+---------+-------+---------+---------+-------+---------
         Total |       0 |     284 |   0.0 |       0 |      60 |   0.0 |  3328
               +---------+---------+-------+---------+---------+-------+---------
           D:1 |       0 |      19 |   0.0 |       0 |      10 |   0.0 |   558
           D:2 |       0 |      75 |   0.0 |       0 |      14 |   0.0 |  1027
           D:3 |       0 |     119 |   0.0 |       0 |      32 |   0.0 |  1261
           D:4 |       0 |      71 |   0.0 |       0 |       4 |   0.0 |   482
               +---------+---------+-------+---------+---------+-------+---------

Vault maps used:
D:1:      scummos_arrival_simple_fountains
D:2:      first_ration, minmay_tree_intersection
D:3:      nicolae_overflow_hidden_temple, old_standard_altar,
          grunt_gozag_breadcrumbs
D:4:      ashenzari_altar_1, overflow_temple_1_default,
          nicolae_ossuary_entry_giza, uniq_natasha, uniq_sigmund

Table legend:
 A = Turns spent in this place as a percentage of turns spent in the entire game.
 B = Non-inter-level travel turns spent in this place as a percentage of non-inter-level travel turns spent in the entire game.
 C = Inter-level travel turns spent in this place as a percentage of turns spent in this place.
 D = Turns resting spent in this place as a percentage of non-inter-level travel turns spent in this place.
 E = Turns spent auto-exploring this place as a percentage of non-inter-level travel turns spent in this place.
 F = Non-inter-level travel turns spent in this place divided by the number of levels of this place that you've seen.
                   A       B       C       D       E      F
               +-------+-------+-------+-------+-------+----------------------
         Total | 100.0 | 100.0 |   4.1 |  41.1 |  41.3 | 798.2
       Dungeon | 100.0 | 100.0 |   4.1 |  41.1 |  41.3 | 798.2
               +-------+-------+-------+-------+-------+----------------------

Table legend:
 A = Kills in this place as a percentage of kills in entire the game.
 B = Kills by you in this place as a percentage of kills by you in the entire game.
 C = Kills by friends in this place as a percentage of kills by friends in the entire game.
 D = Other kills in this place as a percentage of other kills in the entire game.
 E = Experience gained in this place as a percentage of experience gained in the entire game.
 F = Experience gained in this place divided by the number of levels of this place that you have seen.
                   A       B       C       D       E      F
               +-------+-------+-------+-------+-------+----------------------
         Total | 100.0 | 100.0 | 100.0 |   N/A | 100.0 |  71.0
       Dungeon | 100.0 | 100.0 | 100.0 |   N/A | 100.0 |  71.0
               +-------+-------+-------+-------+-------+----------------------
